[Event "Titled Tuesday Blitz October 25 Early 2022"]
[White "Csonka, Balazs"]
[Black "Deac, Bogdan-Daniel"]
[WhiteFideId "742910"]
[BlackFideId "1226380"]
[WhiteElo "2404"]
[BlackElo "2648"]
[Result "1-0"]
[Round "03"]
[TimeControl "180+1"]
[Date "2022.10.25"]
[WhiteClock "0:00:11"]
[BlackClock "0:00:01"]

1. d4 Nf6 2. c4 e6 3. Nf3 b6 4. g3 c6 5. Nc3 d5 6. Bg2 Be7 7. O-O O-O 8. Ne5 Bb7 9. e4 dxc4 10. Nxc4 b5 11. Ne3 Nbd7 12. b3 a6 13. Bb2 Rc8 14. Qe2 Re8 15. Rfd1 Bf8 16. h4 Qb6 17. h5 c5 18. d5 exd5 19. Ncxd5 Nxd5 20. Nxd5 Bxd5 21. Rxd5 Nf6 22. Rf5 Qe6 23. Re5 Qg4 24. Bf3 Qh3 25. Bg2 Qg4 26. Bf3 Qd7 27. Rd1 Qc7 28. Rxe8 Rxe8 29. h6 c4 30. bxc4 bxc4 31. Rc1 Rc8 32. e5 Ne8 33. Bd5 Qe7 34. Rxc4 Rd8 35. Rd4 g6 36. Qxa6 Bxh6 37. e6 f5 38. Bb3 Rxd4 39. Bxd4 Kf8 40. Qc4 Qc7 41. Bc5+ Kg7 42. Qc3+ Nf6 43. Bf8+ Kxf8 44. Qxc7 1-0


[Site "https://www.chess.com"]

[Event "Titled Tuesday Blitz October 25 Early 2022"]
[White "Ehlvest, Jaan"]
[Black "Kovalev, Vladislav"]
[WhiteFideId "4500016"]
[BlackFideId "13504398"]
[WhiteElo "2430"]
[BlackElo "2556"]
[Result "1/2-1/2"]
[Round "03"]
[TimeControl "180+1"]
[Date "2022.10.25"]
[WhiteClock "0:00:03"]
[BlackClock "0:00:15"]

1. e4 e5 2. Nf3 Nc6 3. Nc3 Nf6 4. Bb5 Bc5 5. O-O O-O 6. Bxc6 dxc6 7. h3 Re8 8. d3 Nd7 9. Kh1 Bf8 10. Ne2 Nc5 11. b3 a5 12. a4 f6 13. Nh2 Ne6 14. f4 exf4 15. Nxf4 Nxf4 16. Bxf4 Be6 17. Qf3 Qd7 18. Qg3 Rac8 19. Nf3 Kh8 20. Rae1 c5 21. e5 f5 22. h4 h6 23. Bd2 b6 24. Ng1 Be7 25. Nh3 Qd8 26. Nf4 Bf7 27. e6 Bxh4 28. exf7 Bxg3 29. Rxe8+ Qxe8 30. fxe8=Q+ Rxe8 31. Rf3 Be1 32. Re3 Rxe3 33. Bxe3 g5 34. Nd5 Bg3 35. Kg1 Kg7 36. d4 cxd4 37. Bxd4+ Kf7 38. Kf1 Ke6 39. c4 Bd6 40. Bg7 h5 41. Bh6 g4 42. Bf4 h4 43. Ke2 Bxf4 44. Nxf4+ Ke5 45. Ng6+ Kd4 46. Nxh4 f4 47. Ng6 f3+ 48. gxf3 gxf3+ 49. Kxf3 Kc3 50. Ke4 Kxb3 51. Kd3 Kxa4 52. Nf4 c6 53. Kc3 b5 54. cxb5 cxb5 55. Nd3 b4+ 56. Kb2 Kb5 57. Nxb4 axb4 58. Kb3 Kc5 59. Kb2 Kc4 60. Kc2 Kb5 61. Kb3 Ka5 62. Kb2 Ka4 63. Ka2 b3+ 64. Kb2 Kb4 65. Kb1 Ka3 66. Ka1 Ka4 67. Kb2 Kb4 68. Kb1 Kc4 69. Kb2 Kb4 1/2-1/2


[Site "https://www.chess.com"]

[Event "Titled Tuesday Blitz October 25 Early 2022"]
[White "Eljanov, Pavel"]
[Black "Goryachkina, Aleksandra"]
[WhiteFideId "14102951"]
[BlackFideId "4147103"]
[WhiteElo "2601"]
[BlackElo "2484"]
[Result "1-0"]
[Round "03"]
[TimeControl "180+1"]
[Date "2022.10.25"]
[WhiteClock "0:00:17"]
[BlackClock "0:00:02"]

1. c4 e6 2. g3 d5 3. Bg2 Nf6 4. Nf3 dxc4 5. Qa4+ Bd7 6. Qxc4 c5 7. Ne5 Qc8 8. Qd3 Nc6 9. Nxd7 Nxd7 10. Nc3 Be7 11. b3 O-O 12. Bb2 Rd8 13. Rd1 Nf6 14. Qb1 Qd7 15. O-O Rac8 16. d3 b6 17. e3 Qe8 18. a3 Nd5 19. Rfe1 Nxc3 20. Bxc3 a5 21. Qb2 Bf8 22. h4 Rd6 23. a4 Rcd8 24. Qe2 Qd7 25. h5 h6 26. Be4 Qe7 27. Qf3 Nb4 28. Bxb4 axb4 29. g4 Qg5 30. Qg3 e5 31. Bf5 Qf6 32. Kg2 Be7 33. Rh1 Rd5 34. Qf3 Qg5 35. Rh3 R5d6 36. Qe4 Bf8 37. Qc4 Rd5 38. Kf1 R5d6 39. Ke2 Qf6 40. Rf3 e4 41. Bxe4 Qb2+ 42. Rd2 1-0


[Site "https://www.chess.com"]

[Event "Titled Tuesday Blitz October 25 Early 2022"]
[White "Faizrakhmanov, Ramil"]
[Black "Ernst, Sipke"]
[WhiteFideId "24103209"]
[BlackFideId "1004689"]
[WhiteElo "2421"]
[BlackElo "2438"]
[Result "1-0"]
[Round "03"]
[TimeControl "180+1"]
[Date "2022.10.25"]
[WhiteClock "0:00:55"]
[BlackClock "0:01:58"]

1. d4 d5 2. c4 c6 3. Nc3 Nf6 4. e3 g6 5. Nf3 Bg7 6. Be2 O-O 7. O-O e6 8. h3 b6 9. b3 Bb7 10. Bb2 Nbd7 11. Qc2 Qe7 12. Rad1 Rfd8 13. Rfe1 Rac8 14. e4 Nxe4 15. Nxe4 dxe4 16. Qxe4 Nf6 17. Qh4 c5 18. d5 exd5 19. Bd3 Qd6 20. Be5 Qc6 21. cxd5 Rxd5 22. Bc4 Rxd1 23. Rxd1 b5 24. Rd6 Qe4 25. Bxf7+ Kf8 26. Rxf6 Qxh4 27. Bd6# 1-0


[Site "https://www.chess.com"]

[Event "Titled Tuesday Blitz October 25 Early 2022"]
[White "Hasangatin, Ramil"]
[Black "Pultinevicius, Paulius"]
[WhiteFideId "4122160"]
[BlackFideId "12809390"]
[WhiteElo "2358"]
[BlackElo "2500"]
[Result "0-1"]
[Round "03"]
[TimeControl "180+1"]
[Date "2022.10.25"]
[WhiteClock "0:00:11"]
[BlackClock "0:00:37"]

1. e4 c5 2. Nf3 e6 3. g3 a6 4. Bg2 b5 5. O-O Bb7 6. Re1 Be7 7. c3 Nf6 8. e5 Nd5 9. d4 d6 10. exd6 Bxd6 11. Nbd2 cxd4 12. Nxd4 O-O 13. Ne4 Be7 14. a4 Nc6 15. axb5 Nxd4 16. Qxd4 axb5 17. Bd2 Qc7 18. Bg5 f6 19. Rxa8 Rxa8 20. Bd2 Rd8 21. Qa7 h6 22. Bc1 Kh7 23. Qa1 f5 24. Nd2 e5 25. Nf3 Bf6 26. Qb1 g6 27. h4 e4 28. Nd4 Bxd4 29. cxd4 Rc8 30. h5 Qc2 31. hxg6+ Kxg6 32. Qa2 Ra8 0-1


[Site "https://www.chess.com"]

[Event "Titled Tuesday Blitz October 25 Early 2022"]
[White "Jones, Gawain C B"]
[Black "Krysa, Leandro"]
[WhiteFideId "409561"]
[BlackFideId "116807"]
[WhiteElo "2657"]
[BlackElo "2486"]
[Result "1-0"]
[Round "03"]
[TimeControl "180+1"]
[Date "2022.10.25"]
[WhiteClock "0:00:04"]
[BlackClock "0:00:04"]

1. Nf3 g6 2. e4 Bg7 3. d4 d6 4. Nc3 a6 5. Be3 b5 6. a4 b4 7. Ne2 Bb7 8. Ng3 Nd7 9. Qd2 c5 10. Bc4 e6 11. O-O Ne7 12. dxc5 dxc5 13. Rad1 Nb6 14. Bd3 Nxa4 15. Bh6 O-O 16. Bxg7 Kxg7 17. Qg5 Ng8 18. Qc1 Qf6 19. e5 Qe7 20. Be4 Rad8 21. Bxb7 Qxb7 22. Nh5+ Kh8 23. Nf6 Nb6 24. Nxg8 Kxg8 25. Qh6 f6 26. exf6 Nd5 27. Ng5 Rxf6 28. Rfe1 Re8 29. f3 c4 30. Re4 Qa7+ 31. Kh1 c3 32. Rxd5 Qg7 33. Qxg7+ Kxg7 34. Rd7+ Kg8 35. Nxh7 Rf5 36. bxc3 bxc3 37. g4 Rxf3 38. g5 Rf1+ 39. Kg2 Rf5 40. Nf6+ Rxf6 41. gxf6 Rf8 42. Rxe6 1-0


[Site "https://www.chess.com"]

[Event "Titled Tuesday Blitz October 25 Early 2022"]
[White "Kalashian, David"]
[Black "Gorodetzky, David"]
[WhiteFideId "13302418"]
[BlackFideId "2813416"]
[WhiteElo "2490"]
[BlackElo "2487"]
[Result "0-1"]
[Round "03"]
[TimeControl "180+1"]
[Date "2022.10.25"]
[WhiteClock "0:00:09"]
[BlackClock "0:00:18"]

1. d4 Nf6 2. c4 e6 3. Nf3 d5 4. Nc3 dxc4 5. e3 a6 6. a4 Bb4 7. Bxc4 b6 8. O-O Bb7 9. Qe2 Nbd7 10. Rd1 O-O 11. d5 exd5 12. Nxd5 Bd6 13. b3 Nxd5 14. Bxd5 Bxd5 15. Rxd5 Nf6 16. Rd1 Qe7 17. Bb2 Rfe8 18. h3 Ne4 19. Rac1 Nc5 20. Nd4 Qe5 21. g3 Qe4 22. a5 bxa5 23. Qh5 Re5 24. Qg4 Qxg4 25. hxg4 Rd5 26. Ba3 g6 27. Bxc5 Rxc5 28. Nc6 Rb5 29. e4 Re8 30. Re1 Rxb3 31. e5 Bb4 32. Re4 Rc3 33. Rd1 Rxc6 34. Rd7 Rce6 0-1


[Site "https://www.chess.com"]

[Event "Titled Tuesday Blitz October 25 Early 2022"]
[White "Kollars, Dmitrij"]
[Black "Fernandez Guillen, Ernesto J."]
[WhiteFideId "12909572"]
[BlackFideId "3512428"]
[WhiteElo "2584"]
[BlackElo "2422"]
[Result "1-0"]
[Round "03"]
[TimeControl "180+1"]
[Date "2022.10.25"]
[WhiteClock "0:00:08"]
[BlackClock "0:00:01"]

1. e4 e5 2. Nf3 Nc6 3. Bc4 g6 4. c3 Bg7 5. d4 exd4 6. cxd4 d6 7. O-O Nge7 8. h3 O-O 9. Nc3 h6 10. Be3 Kh7 11. d5 Nb8 12. Bd4 f6 13. Ne2 Nd7 14. Nf4 Ne5 15. Bb3 f5 16. Bxe5 dxe5 17. Ne6 Bxe6 18. dxe6 fxe4 19. Nd2 Qd4 20. Qe2 Rf4 21. g3 Rxf2 22. Rxf2 e3 23. Rf7 exd2+ 24. Qf2 Qd6 25. Rd1 Nf5 26. Rxd2 Nd4 27. Kh2 Nf3+ 28. Rxf3 Qc6 29. Rf7 Rg8 30. Rd6 Qxd6 31. e7 Qd7 32. h4 h5 33. Qf6 Qd2+ 34. Kh3 Qc1 35. Bd5 1-0


[Site "https://www.chess.com"]

[Event "Titled Tuesday Blitz October 25 Early 2022"]
[White "Madaminov, Mukhiddin"]
[Black "Milikow, Yoav"]
[WhiteFideId "14210703"]
[BlackFideId "2822237"]
[WhiteElo "2341"]
[BlackElo "2341"]
[Result "1-0"]
[Round "03"]
[TimeControl "180+1"]
[Date "2022.10.25"]
[WhiteClock "0:00:10"]
[BlackClock "0:00:16"]

1. d4 d5 2. Nc3 Nf6 3. Bf4 c5 4. e4 Nxe4 5. Nxe4 dxe4 6. dxc5 Qa5+ 7. c3 Qxc5 8. Qa4+ Nc6 9. Qxe4 g6 10. Nf3 Bg7 11. Qe3 Qxe3+ 12. Bxe3 O-O 13. O-O-O Be6 14. Kb1 Rfd8 15. Be2 Bf5+ 16. Kc1 Be6 17. a3 Na5 18. Rxd8+ Rxd8 19. Rd1 Rxd1+ 20. Kxd1 b6 21. Nd4 Bd5 22. Nb5 Nc6 23. g3 Be5 24. Kc2 Bb8 25. c4 Be4+ 26. Bd3 Bg2 27. b3 Ne5 28. Bf4 a6 29. Nc3 Nxd3 30. Kxd3 e5 31. Be3 Bd6 32. Bxb6 Bxa3 33. Na4 Bc6 34. Bd8 f5 35. Bf6 Bd6 36. Nb6 Kf7 37. Bh8 Bc5 38. Nd5 Bd4 39. f4 Ke6 40. Nc7+ Kd7 41. Nxa6 Be4+ 42. Kd2 Bg1 43. Bxe5 Bb7 44. Nb4 Bxh2 45. Nd3 Bg1 46. b4 Be4 47. b5 h5 48. Kc3 Kc8 49. Bd4 Bh2 50. Bf2 Kc7 51. Ne5 g5 52. Ng6 h4 53. gxh4 g4 54. h5 g3 55. Bxg3 Bxg3 56. h6 Be1+ 57. Kb3 Bf2 58. h7 Bd4 59. h8=Q Bxh8 60. Nxh8 Kd6 61. Kb4 Ke6 62. Ng6 Kf6 63. Ne5 Kg7 64. Kc5 Kh6 65. Kd4 Kh5 66. Ke3 Kh4 67. c5 Kg3 68. c6 Bxc6 69. Nxc6 1-0


[Site "https://www.chess.com"]

[Event "Titled Tuesday Blitz October 25 Early 2022"]
[White "Maghsoodloo, Parham"]
[Black "Shipov, Sergei"]
[WhiteFideId "12539929"]
[BlackFideId "4113624"]
[WhiteElo "2676"]
[BlackElo "2732"]
[Result "1-0"]
[Round "03"]
[TimeControl "180+1"]
[Date "2022.10.25"]
[WhiteClock "0:01:06"]
[BlackClock "0:00:03"]

1. d4 d5 2. c4 dxc4 3. e4 Nf6 4. e5 Nd5 5. Bxc4 Nc6 6. Ne2 Bf5 7. O-O e6 8. Nbc3 Nb6 9. Bb3 Qe7 10. Be3 O-O-O 11. f4 h5 12. Rc1 Kb8 13. Ng3 Bg4 14. Qd2 h4 15. Nge4 h3 16. g3 Nxd4 17. Bxd4 Qb4 18. Nf2 Rxd4 19. Qe3 Bc5 20. Nce4 Rxe4 21. Qxc5 Qxc5 22. Rxc5 Bf5 23. Nxe4 Bxe4 24. Rd1 Bd5 25. Bxd5 Nxd5 26. Kf2 b6 27. Rc4 g6 28. b4 Kb7 29. a3 c6 30. g4 Kc7 31. Rd3 Kd7 32. Kg3 Rh7 33. a4 Rh8 34. Rcd4 Ke7 35. g5 Kd7 36. Kg4 Kc7 37. Rc4 Ne7 38. Rxh3 Rf8 39. Rd3 Nf5 40. h4 Rh8 41. Rh3 Kd7 42. Rcc3 Kc7 43. h5 gxh5+ 44. Rxh5 Rg8 45. Rh7 Rf8 46. g6 1-0


[Site "https://www.chess.com"]

[Event "Titled Tuesday Blitz October 25 Early 2022"]
[White "Martinez Alcantara, Jose Eduardo"]
[Black "Rakhmatullaev, Almas"]
[WhiteFideId "3805662"]
[BlackFideId "14205793"]
[WhiteElo "2703"]
[BlackElo "2221"]
[Result "1-0"]
[Round "03"]
[TimeControl "180+1"]
[Date "2022.10.25"]
[WhiteClock "0:01:20"]
[BlackClock "0:00:19"]

1. e4 e5 2. Nf3 Nc6 3. Bb5 a6 4. Ba4 Nf6 5. O-O b5 6. Bb3 Bb7 7. d3 Be7 8. Nc3 d6 9. a3 h6 10. Ne2 O-O 11. Ng3 Bc8 12. Nh4 Nd4 13. Ba2 Be6 14. Bxe6 Nxe6 15. Nhf5 Re8 16. f4 exf4 17. Bxf4 Nxf4 18. Rxf4 Bf8 19. Qf3 Nh7 20. h4 g6 21. Ne3 Bg7 22. Rf1 c6 23. Rxf7 Rf8 24. Rxf8+ Nxf8 25. h5 Qg5 26. hxg6 Nxg6 27. Nef5 Be5 28. d4 Bxg3 29. Qxg3 Qxg3 30. Nxg3 Re8 31. Rf6 1-0


[Site "https://www.chess.com"]

[Event "Titled Tuesday Blitz October 25 Early 2022"]
[White "Matlakov, Maxim"]
[Black "Kozak, Antoni"]
[WhiteFideId "4168003"]
[BlackFideId "21832030"]
[WhiteElo "2669"]
[BlackElo "2439"]
[Result "1-0"]
[Round "03"]
[TimeControl "180+1"]
[Date "2022.10.25"]
[WhiteClock "0:00:29"]
[BlackClock "0:00:03"]

1. Nf3 Nf6 2. d4 d5 3. Bf4 e6 4. Nbd2 c5 5. e3 Nc6 6. Bb5 Bd7 7. O-O Be7 8. dxc5 Bxc5 9. a3 O-O 10. b4 Be7 11. c4 Nh5 12. cxd5 exd5 13. Bxc6 bxc6 14. Be5 a5 15. Bc3 Nf6 16. bxa5 c5 17. Ne5 Bb5 18. Re1 Bd6 19. Nef3 Qe7 20. Qc2 Ba6 21. Ng5 g6 22. Ngf3 Rab8 23. e4 d4 24. e5 dxc3 25. exf6 Qc7 26. Qxc3 Rfd8 27. Ne4 Bf8 28. Rad1 Rxd1 29. Rxd1 Qc6 30. Re1 Re8 31. Ne5 Qd5 32. Ng5 Bd6 33. Ngxf7 Bf8 34. Ng5 Rd8 35. f7+ Kg7 36. Ng4+ Qd4 37. Ne6+ 1-0


[Site "https://www.chess.com"]

[Event "Titled Tuesday Blitz October 25 Early 2022"]
[White "Mikhailovsky, Vladimir"]
[Black "Oparin, Grigoriy"]
[WhiteFideId "34105414"]
[BlackFideId "24125890"]
[WhiteElo "2297"]
[BlackElo "2639"]
[Result "0-1"]
[Round "03"]
[TimeControl "180+1"]
[Date "2022.10.25"]
[WhiteClock "0:00:04"]
[BlackClock "0:00:14"]

1. d4 Nf6 2. c4 e6 3. Nc3 Bb4 4. e3 O-O 5. Bd3 c5 6. a3 Bxc3+ 7. bxc3 Nc6 8. Ne2 e5 9. O-O d6 10. Bb2 Re8 11. f3 e4 12. fxe4 Nxe4 13. Qc2 f5 14. Nf4 Bd7 15. Rf3 Qg5 16. Raf1 Rac8 17. Nd5 h6 18. Bc1 b6 19. Rf4 Qg6 20. R1f3 Kh8 21. Bxe4 Rxe4 22. Rg3 Qe8 23. h3 Na5 24. Qd3 cxd4 25. exd4 Re1+ 26. Rf1 Rxf1+ 27. Qxf1 Nxc4 28. Nf4 Qe4 29. Nh5 g5 30. Nf6 Qe6 31. Nxd7 Qxd7 32. Rf3 f4 33. Qd3 Qe6 34. Rf2 d5 35. Re2 Qf6 36. Qf3 Qf7 37. Qg4 Re8 38. Rxe8+ Qxe8 39. Kh2 Nd6 40. h4 Qf7 41. hxg5 hxg5 42. Qxg5 Ne4 43. Qxf4 Qxf4+ 44. Bxf4 Nxc3 45. Kg3 Kg7 46. Kg4 Kg6 47. Be5 Nb5 48. a4 Nc3 49. a5 bxa5 50. Kf4 a4 51. Bd6 Nb5 52. Bc5 a3 53. Bxa3 Nxa3 54. Ke5 a5 55. Kxd5 a4 56. Kc5 Nb5 57. Kb4 a3 58. Kb3 Kf5 59. Ka2 Ke4 60. g4 Kxd4 61. g5 Ke5 62. g6 Kf6 63. g7 Kxg7 0-1


[Site "https://www.chess.com"]

[Event "Titled Tuesday Blitz October 25 Early 2022"]
[White "Paravyan, David"]
[Black "Makarian, Rudik"]
[WhiteFideId "4194985"]
[BlackFideId "44105681"]
[WhiteElo "2555"]
[BlackElo "2405"]
[Result "1-0"]
[Round "03"]
[TimeControl "180+1"]
[Date "2022.10.25"]
[WhiteClock "0:00:48"]
[BlackClock "0:00:02"]

1. e4 c6 2. d4 d5 3. e5 Bf5 4. h4 h5 5. Bd3 Bxd3 6. Qxd3 Qa5+ 7. c3 e6 8. a4 Qa6 9. Qxa6 Nxa6 10. b4 Ne7 11. Nf3 Nf5 12. Nbd2 Be7 13. Nb3 b6 14. Ke2 f6 15. g3 Kf7 16. Bd2 Nc7 17. Nc1 c5 18. Nd3 c4 19. Nf4 a6 20. Rae1 Rae8 21. Kd1 Bd8 22. Re2 Be7 23. Rhe1 Bd8 24. Kc2 g5 25. exf6 gxf4 26. Bxf4 Kxf6 27. Be5+ Kg6 28. Bxh8 Rxh8 29. Ne5+ Kg7 30. Nd7 Bf6 31. Kd2 b5 32. Nc5 Bxd4 33. cxd4 Nxd4 34. Re3 Rf8 35. f4 Kf7 36. Kc3 Nf5 37. Re5 d4+ 38. Kd2 Re8 39. Nxe6 Rxe6 40. Rxf5+ Kg6 41. Rxe6+ Nxe6 42. Rd5 bxa4 43. f5+ Kf6 44. fxe6 1-0


[Site "https://www.chess.com"]

[Event "Titled Tuesday Blitz October 25 Early 2022"]
[White "Peyrer, Konstantin"]
[Black "Predke, Alexandr"]
[WhiteFideId "1640879"]
[BlackFideId "24107581"]
[WhiteElo "2415"]
[BlackElo "2614"]
[Result "1-0"]
[Round "03"]
[TimeControl "180+1"]
[Date "2022.10.25"]
[WhiteClock "0:00:04"]
[BlackClock "0:00:03"]

1. d4 Nf6 2. c4 e6 3. Nf3 d5 4. g3 Be7 5. Bg2 O-O 6. O-O c6 7. Qc2 b6 8. Bf4 Bb7 9. Nc3 dxc4 10. Rfd1 Nd5 11. Bd2 Nd7 12. a3 b5 13. e4 Nxc3 14. bxc3 c5 15. Be3 cxd4 16. Nxd4 a6 17. a4 b4 18. cxb4 Bxb4 19. Qxc4 a5 20. Nc6 Bxc6 21. Qxc6 Ne5 22. Qb5 Qb8 23. Qxb8 Raxb8 24. Bf4 f6 25. Bh3 Kf7 26. Rac1 Rfc8 27. Rxc8 Rxc8 28. Bxe5 fxe5 29. Rd7+ Kf6 30. Ra7 Rc6 31. f4 h6 32. fxe5+ Kxe5 33. Rxg7 Rc1+ 34. Kg2 Rc2+ 35. Kh1 Rc1+ 36. Kg2 Rc2+ 37. Kh1 Bc5 38. Rg6 Rc1+ 39. Kg2 Rc2+ 40. Kh1 Kxe4 41. Rxe6+ Kd5 42. Rxh6 Be3 43. Rh5+ Ke4 44. Bf5+ 1-0


[Site "https://www.chess.com"]

[Event "Titled Tuesday Blitz October 25 Early 2022"]
[White "Postny, Evgeny"]
[Black "Sanal, Vahap"]
[WhiteFideId "2804344"]
[BlackFideId "6300545"]
[WhiteElo "2473"]
[BlackElo "2574"]
[Result "0-1"]
[Round "03"]
[TimeControl "180+1"]
[Date "2022.10.25"]
[WhiteClock "0:00:02"]
[BlackClock "0:00:04"]

1. e4 d6 2. d4 Nf6 3. Nc3 e5 4. dxe5 dxe5 5. Qxd8+ Kxd8 6. Bc4 Ke8 7. f4 Bb4 8. Bd2 exf4 9. O-O-O c6 10. Nf3 Bg4 11. Bxf4 Nbd7 12. e5 Bxc3 13. exf6 Bxf6 14. Rhe1+ Kf8 15. h3 Nb6 16. hxg4 Nxc4 17. Rd7 Bxb2+ 18. Kb1 Bf6 19. g5 Rd8 20. Rxb7 Bc3 21. Rf1 h6 22. g6 f6 23. Nh4 f5 24. Nxf5 Bf6 25. Re1 Bc3 26. Rf1 Bf6 27. Rb4 Na3+ 28. Kc1 h5 29. Rb7 Nc4 30. Rxa7 h4 31. Rf7+ Kg8 32. Ne7+ Bxe7 33. Rxe7 Rh5 34. Bc7 Ra8 35. Rff7 Kh8 36. Rxg7 Rxa2 37. Rh7+ Rxh7 38. Rxh7+ Kg8 39. Kb1 Ra7 40. Kc1 Ra1# 0-1


[Site "https://www.chess.com"]

[Event "Titled Tuesday Blitz October 25 Early 2022"]
[White "Remizov, Yaroslav"]
[Black "Arabidze, Meri"]
[WhiteFideId "34134015"]
[BlackFideId "13604040"]
[WhiteElo "2417"]
[BlackElo "2403"]
[Result "1-0"]
[Round "03"]
[TimeControl "180+1"]
[Date "2022.10.25"]
[WhiteClock "0:00:35"]
[BlackClock "0:00:02"]

1. e4 c5 2. Nc3 Nc6 3. Bb5 g6 4. Bxc6 bxc6 5. d3 Bg7 6. f4 d6 7. Nf3 Nf6 8. O-O Nd7 9. h3 Nf8 10. Qe1 Ne6 11. f5 Nd4 12. Nxd4 cxd4 13. Ne2 c5 14. b3 d5 15. Ng3 O-O 16. e5 a5 17. Ba3 c4 18. f6 exf6 19. Bxf8 Kxf8 20. Qf2 Ra6 21. Qxd4 fxe5 22. Qc5+ Kg8 23. bxc4 e4 24. Rab1 Be5 25. Nxe4 Be6 26. d4 dxe4 27. Qxe5 Ra8 28. d5 Bf5 29. g4 Qg5 30. Qg3 h5 31. Kh2 hxg4 32. hxg4 Bxg4 33. Qf4 Qh5+ 34. Kg1 Bf3 35. Rb8+ Rxb8 36. Qxb8+ Kg7 37. Qg3 f5 38. Qc7+ Kg8 39. Qb8+ Kg7 40. Qe5+ Kh7 41. Qh2 Kg7 42. Qxh5 Bxh5 43. c5 Kf6 44. c6 Ke7 45. c4 e3 46. c5 e2 47. Rb1 f4 48. d6+ Ke6 49. Kf2 f3 50. c7 Kd7 51. Rb8 1-0


[Site "https://www.chess.com"]

[Event "Titled Tuesday Blitz October 25 Early 2022"]
[White "Rozman, Levy"]
[Black "Sarana, Alexey"]
[WhiteFideId "2039877"]
[BlackFideId "24133795"]
[WhiteElo "2376"]
[BlackElo "2689"]
[Result "0-1"]
[Round "03"]
[TimeControl "180+1"]
[Date "2022.10.25"]
[WhiteClock "0:00:02"]
[BlackClock "0:00:55"]

1. e4 c5 2. a3 Nc6 3. b4 Nf6 4. b5 Nd4 5. e5 Nd5 6. c3 Ne6 7. Nf3 d6 8. Bc4 dxe5 9. Nxe5 Qd6 10. d4 cxd4 11. cxd4 Nb6 12. O-O Nxc4 13. Nxc4 Qxd4 14. Qa4 Qxa1 15. Bb2 Nc5 16. Qa5 Qa2 17. Nb6 axb6 18. Qxa8 Qe6 19. Nc3 f6 20. Nd5 Qxd5 21. Qxc8+ Kf7 22. Qc7 g6 23. Re1 Qd6 24. Qc8 Qd7 25. Qb8 Bg7 26. Qf4 Rd8 27. h4 e5 28. Qc4+ Qd5 29. Qc1 h5 30. Qc2 Qd3 0-1


[Site "https://www.chess.com"]

[Event "Titled Tuesday Blitz October 25 Early 2022"]
[White "Seo, Jung Min"]
[Black "Firouzja, Alireza"]
[WhiteFideId "1734687"]
[BlackFideId "12573981"]
[WhiteElo "2455"]
[BlackElo "2903"]
[Result "0-1"]
[Round "03"]
[TimeControl "180+1"]
[Date "2022.10.25"]
[WhiteClock "0:00:02"]
[BlackClock "0:00:05"]

1. e4 g6 2. d4 Bg7 3. Nc3 d6 4. Nf3 Nf6 5. Be2 O-O 6. O-O a6 7. a4 Nc6 8. Be3 e6 9. Re1 b6 10. Qd2 Bb7 11. Rad1 Nb4 12. e5 dxe5 13. Nxe5 Nbd5 14. Nxd5 Bxd5 15. Bh6 Qd6 16. Bxg7 Kxg7 17. Bf1 Bb7 18. a5 Rad8 19. axb6 cxb6 20. c3 b5 21. h3 Nd5 22. Nd3 Ne7 23. Nc5 Bd5 24. b4 h6 25. Ra1 Ra8 26. Ra3 Rfb8 27. Rea1 Rb6 28. Qe1 f6 29. Ra5 g5 30. Qc1 Ng6 31. R1a3 Nh4 32. Qa1 Qf4 33. Qd1 h5 34. Rxa6 Rbxa6 35. Rxa6 Rxa6 36. Nxa6 g4 37. hxg4 Nf3+ 38. gxf3 Bxf3 39. Qe1 Qxg4+ 40. Kh2 Qf4+ 41. Kg1 Qh4 42. Bg2 Qg4 43. Qf1 Be2 44. Qe1 Bf3 45. Qf1 h4 46. Kh2 Qf4+ 47. Kh1 Bg4 48. f3 Bh5 49. Nc5 Kf7 50. Qe1 e5 51. dxe5 Bxf3 52. e6+ Ke7 53. Bxf3 Qxf3+ 54. Kh2 Qf4+ 55. Kh3 Qf3+ 56. Kxh4 Qf4+ 57. Kh3 Qf5+ 58. Kg2 Qc2+ 59. Kf1 Qf5+ 60. Qf2 Qb1+ 61. Kg2 Qg6+ 62. Qg3 Qc2+ 63. Kh3 Qf5+ 64. Qg4 Qf1+ 65. Kh2 Qf2+ 66. Qg2 Qh4+ 67. Kg1 Qe1+ 68. Qf1 Qxc3 69. Qxb5 Qg3+ 70. Kf1 Qf3+ 71. Ke1 Qc3+ 72. Kd1 Qa1+ 73. Kc2 Qa2+ 74. Kc3 Qa1+ 75. Kb3 Qb1+ 76. Kc3 Qc1+ 77. Kd4 Qf4+ 78. Ne4 Kxe6 79. Qd5+ Ke7 80. Qc5+ Kd7 81. Qd5+ Ke7 82. Qc5+ Kd7 83. Qd5+ Ke8 84. Kd3 f5 85. Kc4 fxe4 86. Qe6+ Kf8 87. b5 e3+ 88. Kc5 Qf2 89. b6 e2+ 90. Kc6 e1=Q 91. Qxe1 Qxe1 0-1


[Site "https://www.chess.com"]

[Event "Titled Tuesday Blitz October 25 Early 2022"]
[White "Shankland, Sam"]
[Black "Wieczorek, Oskar"]
[WhiteFideId "2004887"]
[BlackFideId "1133950"]
[WhiteElo "2612"]
[BlackElo "2404"]
[Result "1-0"]
[Round "03"]
[TimeControl "180+1"]
[Date "2022.10.25"]
[WhiteClock "0:02:50"]
[BlackClock "0:02:55"]

1. d4 Nf6 2. c4 c5 3. d5 g6 4. Nc3 Bg7 5. e4 d6 6. Nf3 O-O 7. Be2 Bg4 8. Be3 e6 9. dxe6 fxe6 10. e5 Bxf3 11. Bxf3 dxe5 12. Qxd8 Nbd7 1-0


[Site "https://www.chess.com"]

[Event "Titled Tuesday Blitz October 25 Early 2022"]
[White "Sokolovsky, Yahli"]
[Black "Salgado Lopez, Ivan"]
[WhiteFideId "2820242"]
[BlackFideId "2257327"]
[WhiteElo "2316"]
[BlackElo "2594"]
[Result "1-0"]
[Round "03"]
[TimeControl "180+1"]
[Date "2022.10.25"]
[WhiteClock "0:00:03"]
[BlackClock "0:00:08"]

1. b3 d5 2. Bb2 e6 3. e3 Nf6 4. Nf3 Be7 5. d4 O-O 6. Bd3 b6 7. O-O Bb7 8. Ne5 c5 9. Nd2 Nc6 10. f4 a5 11. Rf3 a4 12. Rh3 g6 13. dxc5 bxc5 14. Ng4 a3 15. Be5 Nxe5 16. fxe5 Nd7 17. Qf3 Qc7 18. Qf4 f5 19. Rxh7 g5 20. Qg3 Kxh7 21. Qh3+ Kg8 22. Qh6 Rf7 23. Qg6+ Kf8 24. Rf1 Qc6 25. Bxf5 d4 26. Be4 Rxf1+ 27. Kxf1 Qc7 28. Nh6 Nxe5 29. Qg8# 1-0


[Site "https://www.chess.com"]

[Event "Titled Tuesday Blitz October 25 Early 2022"]
[White "Svane, Frederik"]
[Black "Tatarinov, Dmitry"]
[WhiteFideId "12923044"]
[BlackFideId "24160067"]
[WhiteElo "2466"]
[BlackElo "2326"]
[Result "1-0"]
[Round "03"]
[TimeControl "180+1"]
[Date "2022.10.25"]
[WhiteClock "0:02:18"]
[BlackClock "0:02:08"]

1. c4 Nf6 2. Nc3 e6 3. e4 c5 4. Nf3 d6 5. d4 cxd4 6. Nxd4 a6 7. Be2 Be7 8. Be3 O-O 9. f3 Nc6 10. Rc1 Nxd4 11. Qxd4 Bd7 12. O-O Qa5 13. Qd2 Rfc8 14. Rfd1 Qd8 15. a3 Be8 16. Qe1 Rab8 17. e5 Nh5 18. exd6 Bxd6 19. Ne4 Bf4 20. Bxf4 Qb6+ 21. c5 1-0


[Site "https://www.chess.com"]

[Event "Titled Tuesday Blitz October 25 Early 2022"]
[White "Svane, Rasmus"]
[Black "Srbis, Jurica"]
[WhiteFideId "4657101"]
[BlackFideId "14515555"]
[WhiteElo "2674"]
[BlackElo "2481"]
[Result "1-0"]
[Round "03"]
[TimeControl "180+1"]
[Date "2022.10.25"]
[WhiteClock "0:00:41"]
[BlackClock "0:00:41"]

1. Nf3 Nf6 2. g3 g6 3. Bg2 Bg7 4. O-O O-O 5. d4 Nc6 6. d5 Na5 7. e4 c6 8. Nc3 cxd5 9. e5 Ne8 10. Nxd5 Nc7 11. Bg5 Nxd5 12. Qxd5 Nc6 13. Rad1 Qc7 14. Rfe1 h6 15. Be3 e6 16. Qe4 Qa5 17. a3 Re8 18. Bd2 Qb6 19. Bc1 a5 20. h4 h5 21. g4 hxg4 22. Qxg4 Qc5 23. h5 Qxc2 24. h6 Bh8 25. h7+ Kxh7 26. Qh4+ Kg8 27. Ng5 Bg7 28. Qh7+ Kf8 29. Ne4 Nxe5 30. Bh6 Bxh6 31. Qxh6+ Ke7 32. Qg5+ Kf8 33. Qxe5 d5 34. Qh8+ Ke7 35. Qf6+ Kd7 36. Qxf7+ Re7 37. Nf6+ Kd6 38. Rxd5+ exd5 39. Qxe7+ 1-0


[Site "https://www.chess.com"]